Flyers vs Rangers

Created - 7 février 2021 at 20:45

Goals
1 2 3 T
Flyers 1 2 0 3
Rangers 3 1 0 4
Shots
1 2 3 T
Flyers 9 13 13 35
Rangers 17 12 4 33

1st period

1. Rangers , Zach Hyman 23 (Alexander Radulov 28, Connor McDavid 52) at 5:48
2. Rangers , Noel Acciari 12 (Cam Atkinson 24, Erik Cernak 7) at 6:55
3. Flyers , Jamie Benn 18 (Jonas Brodin 16) at 9:49
4. Rangers , Noel Acciari 13 (Vincent Trocheck 23) at 17:07

Penalties :
Erik Cernak (NYR) for Hooking (Minor) at 3:26, Noel Acciari (NYR) for Holding (Minor) at 14:46

2nd period

5. Flyers , Jamie Benn 19 (Jake Debrusk 5, Robert Thomas 2) at 1:42
6. Flyers , Mika Zibanejad 24 (Tomas Tatar 22, Noah Hanifin 15) at 17:18
7. Rangers , Connor McDavid 35 (Nick Leddy 32, Matt Niskanen 35) at 19:17

Penalties :
Noel Acciari (NYR) for Hooking (Minor) at 12:09

3rd period

No Goal

Penalties :
Victor Hedman (PHI) for Boarding (Minor) at 2:07, Tomas Tatar (PHI) for Tripping (Minor) at 7:18, Dmitry Kulikov (NYR) for Holding Stick (Minor) at 15:00

Goalie Stats

Pavel Francouz (PHI), 29 saves from 33 shots - (0,879), L, 21-18-7, 58:32 minutes
Andrei Vasilevskiy (NYR), 32 saves from 35 shots - (0,914), W, 26-9-3, 60:00 minutes

Players Stats for Flyers

Player Name              G  A  P  +/- PIM S  H  SB GA TA FO     MP     PP MP  PK MP  
------------------------------------------------------------------------------------
Brendan Gallagher        0  0  0  -1  0   4  4  0  0  0  0/2    20:31   3:46   0:00 
Jake Debrusk             0  1  1   2  0   1  0  0  0  0  1/1    10:23   0:00   1:29 
Jakub Voracek            0  0  0  -1  0   3  1  0  0  0  0/1    20:31   3:46   0:00 
Jamie Benn               2  0  2   2  0   8  3  1  0  0  10/18  12:38   4:10   0:00 
Joel Farabee             0  0  0  -2  0   0  0  0  0  0  0/1     6:42   0:00   0:34 
Johan Larsson            0  0  0  -2  0   0  0  0  0  0  5/8     8:03   0:00   1:55 
Jonas Brodin             0  1  1  -1  0   0  0  1  0  0  0/0    14:14   0:00   2:35 
Mika Zibanejad           1  0  1   0  0   4  2  0  0  0  10/22  20:31   3:46   0:00 
Nino Niederreiter        0  0  0  -2  0   1  1  0  0  0  0/0     8:03   0:00   1:55 
Noah Hanifin             0  1  1   1  0   0  1  2  0  0  0/0    22:36   3:50   0:11 
Paul Stastny             0  0  0  -1  0   0  2  0  0  0  18/36  21:29   4:10   0:34 
Rasmus Andersson         0  0  0   1  0   0  2  1  0  0  0/0    23:09   3:50   1:22 
Robert Thomas            0  1  1   2  0   0  0  0  0  0  1/2    10:23   0:00   1:29 
Ryan Graves              0  0  0  -1  0   0  3  1  0  0  0/0    14:31   0:00   2:26 
Tomas Tatar              0  1  1   0  2   3  1  0  0  0  0/1    16:18   0:00   0:00 
Victor Hedman            0  0  0  -1  2   4  4  3  0  0  0/0    22:45   4:06   0:10 
Vince Dunn               0  0  0  -1  0   2  2  3  0  0  0/0    22:44   4:06   1:12 
William Nylander         0  0  0   0  0   5  1  0  0  0  0/0    20:29   4:10   0:00 

Players Stats for Rangers

Player Name              G  A  P  +/- PIM S  H  SB GA TA FO     MP     PP MP  PK MP  
------------------------------------------------------------------------------------
Alexander Radulov        0  1  1   2  0   3  0  0  0  0  0/1    19:48   1:34   0:00 
Andrew Ladd              0  0  0  -1  0   3  0  0  0  0  0/1    10:13   1:50   0:00 
Brandon Pirri            0  0  0  -1  0   0  0  0  0  0  3/9     6:02   0:00   0:27 
Cal Clutterbuck          0  0  0  -1  0   2  0  0  0  0  0/1    12:04   0:15   2:33 
Cam Atkinson             0  1  1   1  0   4  0  0  0  0  0/1    16:50   1:49   0:00 
Connor McDavid           1  1  2   2  0   5  1  0  0  0  13/25  20:03   1:49   0:00 
David Savard             0  0  0   0  0   0  0  1  0  0  0/0    20:42   0:00   3:31 
Devin Shore              0  0  0  -1  0   2  0  0  0  0  0/1     7:28   0:31   1:22 
Dmitry Kulikov           0  0  0   2  2   1  0  0  0  0  0/0    14:19   0:00   0:00 
Erik Cernak              0  1  1   2  2   0  0  4  0  0  0/0    13:59   0:00   0:38 
Matt Niskanen            0  1  1  -1  0   1  1  1  0  0  0/0    24:40   2:08   5:08 
Milan Lucic              0  0  0  -1  0   1  0  0  0  0  0/0     5:35   0:00   0:00 
Nick Bonino              0  0  0  -1  0   1  1  0  0  0  13/23  13:36   0:00   4:20 
Nick Leddy               0  1  1  -1  0   1  0  1  0  0  0/0    22:30   2:08   3:47 
Noel Acciari             2  0  2   1  4   4  0  2  0  0  2/3    20:26   2:09   2:25 
Ryan McDonagh            0  0  0   0  0   1  1  0  0  0  0/0    21:58   1:50   2:48 
Vincent Trocheck         0  1  1   1  0   1  0  0  0  0  16/26  19:55   2:09   2:45 
Zach Hyman               1  0  1   2  0   3  0  0  0  0  0/1    21:52   1:38   2:00 

3 Stars

1 - Jamie Benn (PHI)
2 - Connor McDavid (NYR)
3 - Noel Acciari (NYR)

Power Play

Flyers - 0 on 4 Attempt(s) - 0,00%
Rangers - 0 on 2 Attempt(s) - 0,00%

Penalty Kill

Flyers - 2 on 2 Attempt(s) - 100,00% - Score 0 goal in Penalty Kill
Rangers - 4 on 4 Attempt(s) - 100,00% - Score 0 goal in Penalty Kill

Team Stat

Flyers - Hits : 27 - Faceoff Wins : 45 - Blocked Shots : 12 - Penalty Minutes : 4
Rangers - Hits : 4 - Faceoff Wins : 47 - Blocked Shots : 9 - Penalty Minutes : 8

Official

Referees : Reid Anderson and Ian Walsh
Linesman : Michel Cormier and Steven Berry

Game Notes

Nick Leddy is injured at 13:52 of 3rd period (Groin)

Finance

Level 1 -- Attendance: 2545 (39,15%) -- Ticket Income 636 250 $
Level 2 -- Attendance: 2225 (44,50%) -- Ticket Income 400 500 $
Level 3 -- Attendance: 1542 (44,06%) -- Ticket Income 185 040 $
Level 4 -- Attendance: 2006 (100,00%) -- Ticket Income 100 300 $
Luxury Box -- Attendance: 516 (51,60%) -- Ticket Income 206 400 $
Game was played at the Madison Square Garden.
Total Attendance: 8834 (49,06%)
Total Ticket Income: 1 528 490 $
Other Income: 748 960 $
Total Income: 2 277 450 $

% Time on Ice - Flyers

Lines # - Real PCT - Wanted PCT - Time Play
Normal Forward
1 - 34% - 40% - 16:19
2 - 35% - 40% - 16:45
3 - 18% - 15% - 8:28
4 - 13% - 5% - 6:08
Normal Defense
1 - 37% - 37% - 17:26
2 - 39% - 37% - 18:35
3 - 16% - 15% - 7:32
4 - 9% - 11% - 4:07
PP Forward
1 - 47% - 50% - 3:46
2 - 53% - 50% - 4:10
PP Defense
1 - 52% - 50% - 4:06
2 - 48% - 50% - 3:50
PK Forward
1 - 37% - 50% - 1:29
2 - 63% - 50% - 2:29
PK Defense
1 - 61% - 50% - 2:26
2 - 39% - 50% - 1:32
PK3 Forward
1 - 0% - 50%
2 - 0% - 50%
PK3 Defense
1 - 0% - 50%
2 - 0% - 50%
44 Forward
1 - 0% - 50%
2 - 0% - 50%
44 Defense
1 - 0% - 50%
2 - 0% - 50%
Last Minute Offensive  - 0:26
Last Minute Defensive  - 0:00
Total
Forward - 60:00
Defense - 60:00

% Time on Ice - Rangers

Lines # - Real PCT - Wanted PCT - Time Play
Normal Forward
1 - 39% - 43% - 18:14
2 - 32% - 33% - 15:01
3 - 18% - 15% - 8:23
4 - 12% - 9% - 5:35
Normal Defense
1 - 38% - 44% - 17:59
2 - 35% - 33% - 16:22
3 - 27% - 23% - 12:52
4 - 0% - 0% - 0:00
PP Forward
1 - 46% - 53% - 1:49
2 - 54% - 47% - 2:09
PP Defense
1 - 54% - 53% - 2:08
2 - 46% - 47% - 1:50
PK Forward
1 - 65% - 55% - 5:11
2 - 35% - 45% - 2:45
PK Defense
1 - 73% - 55% - 5:46
2 - 27% - 45% - 2:10
PK3 Forward
1 - 0% - 55%
2 - 0% - 45%
PK3 Defense
1 - 0% - 55%
2 - 0% - 45%
44 Forward
1 - 0% - 55%
2 - 0% - 45%
44 Defense
1 - 0% - 55%
2 - 0% - 45%
Last Minute Offensive  - 0:00
Last Minute Defensive  - 0:53
Total
Forward - 60:00
Defense - 60:00

Play-by-Play

1st period


0:01 of 1st period - Mika Zibanejad wins face-off versus Connor McDavid in neutral zone.
0:38 of 1st period - Connor McDavid is hit by Victor Hedman and loses puck.
0:54 of 1st period - Cam Atkinson is hit by Victor Hedman and loses puck.
1:08 of 1st period - Cam Atkinson is hit by Vince Dunn and loses puck.
1:11 of 1st period - Shot by Noel Acciari.
1:11 of 1st period - Shot Blocked by Victor Hedman.
1:13 of 1st period - Shot by Cam Atkinson.
1:13 of 1st period - Stopped by Pavel Francouz without a rebound.
1:14 of 1st period - Paul Stastny wins face-off versus Nick Bonino in Flyers zone.
1:43 of 1st period - Off-side.
1:44 of 1st period - Brandon Pirri wins face-off versus Jamie Benn in neutral zone.
1:55 of 1st period - Shot by Milan Lucic.
1:55 of 1st period - Stopped by Pavel Francouz without a rebound.
1:56 of 1st period - Johan Larsson wins face-off versus Vincent Trocheck in Flyers zone.
3:23 of 1st period - Shot by Brendan Gallagher.
3:23 of 1st period - Stopped by Andrei Vasilevskiy without a rebound.
3:24 of 1st period - Jamie Benn wins face-off versus Brandon Pirri in Rangers zone.
3:26 of 1st period - Minor Penalty to Erik Cernak for Hooking.
3:27 of 1st period - Nick Bonino wins face-off versus Jamie Benn in Rangers zone.
3:57 of 1st period - Icing by Victor Hedman.
3:58 of 1st period - Vincent Trocheck wins face-off versus Paul Stastny in Flyers zone.
4:01 of 1st period - Shot by Cal Clutterbuck.
4:01 of 1st period - Stopped by Pavel Francouz with a rebound.
4:14 of 1st period - Shot by Victor Hedman.
4:14 of 1st period - Shot Misses the Net.
4:39 of 1st period - Icing by Jakub Voracek.
4:40 of 1st period - Nick Bonino wins face-off versus Mika Zibanejad in Flyers zone.
4:41 of 1st period - Shot by Noel Acciari.
4:41 of 1st period - Stopped by Pavel Francouz with a rebound.
4:47 of 1st period - Mika Zibanejad is hit by Nick Bonino and loses puck.
5:48 of 1st period - Shot by Zach Hyman.
5:48 of 1st period - Goal by Zach Hyman - Flyers : 0 - Rangers : 1.
5:49 of 1st period - Jamie Benn wins face-off versus Devin Shore in neutral zone.
6:18 of 1st period - Shot by Devin Shore.
6:18 of 1st period - Stopped by Pavel Francouz without a rebound.
6:19 of 1st period - Mika Zibanejad wins face-off versus Connor McDavid in Flyers zone.
6:19 of 1st period - Mika Zibanejad is hit by Connor McDavid.
6:34 of 1st period - Shot by Alexander Radulov.
6:34 of 1st period - Shot Misses the Net.
6:36 of 1st period - Shot by Nick Leddy.
6:36 of 1st period - Stopped by Pavel Francouz without a rebound.
6:37 of 1st period - Vincent Trocheck wins face-off versus Paul Stastny in Flyers zone.
6:45 of 1st period - Shot by Vincent Trocheck.
6:45 of 1st period - Stopped by Pavel Francouz with a rebound.
6:55 of 1st period - Shot by Noel Acciari.
6:55 of 1st period - Goal by Noel Acciari - Flyers : 0 - Rangers : 2.
6:56 of 1st period - Mika Zibanejad wins face-off versus Connor McDavid in neutral zone.
6:59 of 1st period - Shot by William Nylander.
6:59 of 1st period - Shot Misses the Net.
7:16 of 1st period - Shot by Mika Zibanejad.
7:16 of 1st period - Deflect By William Nylander.
7:16 of 1st period - Stopped by Andrei Vasilevskiy without a rebound.
7:17 of 1st period - Paul Stastny wins face-off versus Cam Atkinson in Rangers zone.
7:28 of 1st period - Shot by Jakub Voracek.
7:28 of 1st period - Stopped by Andrei Vasilevskiy without a rebound.
7:29 of 1st period - Connor McDavid wins face-off versus Tomas Tatar in Rangers zone.
7:44 of 1st period - Shot by Alexander Radulov.
7:44 of 1st period - Stopped by Pavel Francouz without a rebound.
7:45 of 1st period - Vincent Trocheck wins face-off versus Paul Stastny in Flyers zone.
7:46 of 1st period - Shot by Cam Atkinson.
7:46 of 1st period - Deflect By Noel Acciari.
7:46 of 1st period - Shot Blocked by Vince Dunn.
7:48 of 1st period - Shot by Noel Acciari.
7:48 of 1st period - Stopped by Pavel Francouz without a rebound.
7:49 of 1st period - Paul Stastny wins face-off versus Noel Acciari in Flyers zone.
7:54 of 1st period - Noel Acciari is hit by Paul Stastny and loses puck.
8:28 of 1st period - Shot by Noel Acciari.
8:28 of 1st period - Shot Hit the Post.
8:30 of 1st period - Shot by Matt Niskanen.
8:30 of 1st period - Stopped by Pavel Francouz with a rebound.
9:49 of 1st period - Shot by Jamie Benn.
9:49 of 1st period - Goal by Jamie Benn - Flyers : 1 - Rangers : 2.
9:50 of 1st period - Johan Larsson wins face-off versus Brandon Pirri in neutral zone.
10:02 of 1st period - Shot by Nino Niederreiter.
10:02 of 1st period - Stopped by Andrei Vasilevskiy without a rebound.
10:03 of 1st period - Jamie Benn wins face-off versus Cal Clutterbuck in Rangers zone.
10:08 of 1st period - Shot by Jamie Benn.
10:08 of 1st period - Shot Blocked by Matt Niskanen.
12:59 of 1st period - Shot by Connor McDavid.
12:59 of 1st period - Shot Blocked by Jonas Brodin.
13:01 of 1st period - Shot by Zach Hyman.
13:01 of 1st period - Stopped by Pavel Francouz without a rebound.
13:02 of 1st period - Jamie Benn wins face-off versus Brandon Pirri in Flyers zone.
13:04 of 1st period - Icing by Robert Thomas.
13:05 of 1st period - Jamie Benn wins face-off versus Brandon Pirri in Flyers zone.
13:36 of 1st period - Shot by Jamie Benn.
13:36 of 1st period - Stopped by Andrei Vasilevskiy without a rebound.
13:37 of 1st period - Connor McDavid wins face-off versus Paul Stastny in Rangers zone.
13:37 of 1st period - Connor McDavid is hit by Jakub Voracek.
14:27 of 1st period - Icing by Ryan McDonagh.
14:28 of 1st period - Jake Debrusk wins face-off versus Connor McDavid in Rangers zone.
14:46 of 1st period - Minor Penalty to Noel Acciari for Holding.
14:47 of 1st period - Paul Stastny wins face-off versus Nick Bonino in Rangers zone.
14:50 of 1st period - Shot by Jamie Benn.
14:50 of 1st period - Stopped by Andrei Vasilevskiy without a rebound.
14:51 of 1st period - Mika Zibanejad wins face-off versus Nick Bonino in Rangers zone.
15:16 of 1st period - Shot by Mika Zibanejad.
15:16 of 1st period - Stopped by Andrei Vasilevskiy without a rebound.
15:17 of 1st period - Vincent Trocheck wins face-off versus Jamie Benn in Rangers zone.
15:27 of 1st period - Shot by William Nylander.
15:27 of 1st period - Shot Blocked by Nick Leddy.
15:29 of 1st period - Shot by Victor Hedman.
15:29 of 1st period - Stopped by Andrei Vasilevskiy with a rebound.
16:26 of 1st period - Matt Niskanen is hit by Brendan Gallagher and loses puck.
16:49 of 1st period - Icing by Nino Niederreiter.
16:50 of 1st period - Vincent Trocheck wins face-off versus Joel Farabee in Flyers zone.
17:05 of 1st period - Shot by Vincent Trocheck.
17:05 of 1st period - Shot Misses the Net.
17:07 of 1st period - Shot by Noel Acciari.
17:07 of 1st period - Goal by Noel Acciari - Flyers : 1 - Rangers : 3.
17:08 of 1st period - Connor McDavid wins face-off versus Mika Zibanejad in neutral zone.
17:08 of 1st period - Zach Hyman is hit by Mika Zibanejad and loses puck.
17:20 of 1st period - Connor McDavid is hit by Rasmus Andersson and loses puck.
17:29 of 1st period - Shot by Zach Hyman.
17:29 of 1st period - Stopped by Pavel Francouz without a rebound.
17:30 of 1st period - Vincent Trocheck wins face-off versus Paul Stastny in Flyers zone.
17:33 of 1st period - Shot by Cam Atkinson.
17:33 of 1st period - Shot Blocked by Vince Dunn.
17:35 of 1st period - Shot by Dmitry Kulikov.
17:35 of 1st period - Shot Misses the Net.
17:37 of 1st period - Shot by Noel Acciari.
17:37 of 1st period - Shot Blocked by Victor Hedman.
17:49 of 1st period - Shot by Cam Atkinson.
17:49 of 1st period - Stopped by Pavel Francouz with a rebound.
17:51 of 1st period - Shot by Erik Cernak.
17:51 of 1st period - Shot Misses the Net.
17:53 of 1st period - Shot by Dmitry Kulikov.
17:53 of 1st period - Stopped by Pavel Francouz without a rebound.
17:54 of 1st period - Connor McDavid wins face-off versus Jamie Benn in Flyers zone.
17:59 of 1st period - Shot by Matt Niskanen.
17:59 of 1st period - Shot Misses the Net.
18:01 of 1st period - Shot by Zach Hyman.
18:01 of 1st period - Shot Misses the Net.
18:03 of 1st period - Shot by Connor McDavid.
18:03 of 1st period - Shot Hit the Post.
18:05 of 1st period - Shot by Zach Hyman.
18:05 of 1st period - Shot Blocked by Jamie Benn.
18:09 of 1st period - Shot by Alexander Radulov.
18:09 of 1st period - Shot Misses the Net.
18:11 of 1st period - Shot by Zach Hyman.
18:11 of 1st period - Shot Blocked by Rasmus Andersson.
18:15 of 1st period - Shot by Zach Hyman.
18:15 of 1st period - Shot Misses the Net.
19:16 of 1st period - Shot by William Nylander.
19:16 of 1st period - Shot Blocked by Noel Acciari.
19:46 of 1st period - Icing by Cal Clutterbuck.
19:47 of 1st period - Nick Bonino wins face-off versus Paul Stastny in Rangers zone.
Goals for this period are 1 for Flyers vs 3 for Rangers.
Shots for this period are 9 for Flyers vs 17 for Rangers.

2nd period


0:01 of 2nd period - Connor McDavid wins face-off versus Jakub Voracek in neutral zone.
0:14 of 2nd period - Shot by Connor McDavid.
0:14 of 2nd period - Stopped by Pavel Francouz with a rebound.
0:32 of 2nd period - Shot by Jakub Voracek.
0:32 of 2nd period - Shot Misses the Net.
0:59 of 2nd period - Icing by David Savard.
1:00 of 2nd period - Mika Zibanejad wins face-off versus Vincent Trocheck in Rangers zone.
1:00 of 2nd period - Mika Zibanejad is hit by Ryan McDonagh.
1:04 of 2nd period - Shot by Tomas Tatar.
1:04 of 2nd period - Deflect By Mika Zibanejad.
1:04 of 2nd period - Stopped by Andrei Vasilevskiy without a rebound.
1:05 of 2nd period - Nick Bonino wins face-off versus Mika Zibanejad in Rangers zone.
1:22 of 2nd period - Shot by Tomas Tatar.
1:22 of 2nd period - Stopped by Andrei Vasilevskiy with a rebound.
1:28 of 2nd period - Shot by Andrew Ladd.
1:28 of 2nd period - Stopped by Pavel Francouz without a rebound.
1:29 of 2nd period - Vincent Trocheck wins face-off versus Jamie Benn in Flyers zone.
1:40 of 2nd period - Shot by Jake Debrusk.
1:40 of 2nd period - Shot Blocked by Noel Acciari.
1:42 of 2nd period - Shot by Jake Debrusk.
1:42 of 2nd period - Deflect By Jamie Benn.
1:42 of 2nd period - Goal by Jamie Benn - Flyers : 2 - Rangers : 3.
1:43 of 2nd period - Connor McDavid wins face-off versus Mika Zibanejad in neutral zone.
1:52 of 2nd period - Shot by Alexander Radulov.
1:52 of 2nd period - Stopped by Pavel Francouz without a rebound.
1:53 of 2nd period - Paul Stastny wins face-off versus Vincent Trocheck in Flyers zone.
2:00 of 2nd period - Shot by Victor Hedman.
2:00 of 2nd period - Stopped by Andrei Vasilevskiy without a rebound.
2:01 of 2nd period - Vincent Trocheck wins face-off versus Paul Stastny in Rangers zone.
2:03 of 2nd period - Cam Atkinson is hit by Brendan Gallagher.
2:10 of 2nd period - Cam Atkinson is hit by Victor Hedman and loses puck.
2:18 of 2nd period - Off-side.
2:19 of 2nd period - Mika Zibanejad wins face-off versus Alexander Radulov in neutral zone.
2:28 of 2nd period - Shot by Tomas Tatar.
2:28 of 2nd period - Shot Blocked by Erik Cernak.
2:59 of 2nd period - Shot by Connor McDavid.
2:59 of 2nd period - Stopped by Pavel Francouz without a rebound.
3:00 of 2nd period - Noel Acciari wins face-off versus Paul Stastny in Flyers zone.
3:00 of 2nd period - Cam Atkinson is hit by Victor Hedman and loses puck.
3:56 of 2nd period - Icing by Ryan McDonagh.
3:57 of 2nd period - Brandon Pirri wins face-off versus Mika Zibanejad in Rangers zone.
4:58 of 2nd period - Shot by Alexander Radulov.
4:58 of 2nd period - Deflect By Connor McDavid.
4:58 of 2nd period - Shot Misses the Net.
5:28 of 2nd period - Erik Cernak is hit by Tomas Tatar.
5:56 of 2nd period - Shot by Cam Atkinson.
5:56 of 2nd period - Shot Misses the Net.
6:05 of 2nd period - Icing by Matt Niskanen.
6:06 of 2nd period - Vincent Trocheck wins face-off versus Paul Stastny in Rangers zone.
6:16 of 2nd period - Icing by Matt Niskanen.
6:17 of 2nd period - Vincent Trocheck wins face-off versus Jamie Benn in Rangers zone.
6:17 of 2nd period - Vincent Trocheck is hit by Jamie Benn.
6:32 of 2nd period - Icing by Jake Debrusk.
6:33 of 2nd period - Jamie Benn wins face-off versus Nick Bonino in Flyers zone.
6:53 of 2nd period - Icing by Andrew Ladd.
6:54 of 2nd period - Nick Bonino wins face-off versus Brendan Gallagher in Rangers zone.
6:59 of 2nd period - Shot by Ryan McDonagh.
6:59 of 2nd period - Stopped by Pavel Francouz with a rebound.
7:01 of 2nd period - Shot by Nick Bonino.
7:01 of 2nd period - Stopped by Pavel Francouz without a rebound.
7:02 of 2nd period - Paul Stastny wins face-off versus Connor McDavid in Flyers zone.
7:09 of 2nd period - Shot by Connor McDavid.
7:09 of 2nd period - Shot Misses the Net.
7:11 of 2nd period - Shot by Matt Niskanen.
7:11 of 2nd period - Shot Misses the Net.
7:23 of 2nd period - Shot by Connor McDavid.
7:23 of 2nd period - Deflect By Alexander Radulov.
7:23 of 2nd period - Shot Misses the Net.
9:22 of 2nd period - Icing by Noah Hanifin.
9:23 of 2nd period - Johan Larsson wins face-off versus Andrew Ladd in Flyers zone.
9:52 of 2nd period - Shot by Jakub Voracek.
9:52 of 2nd period - Shot Misses the Net.
9:56 of 2nd period - Shot by Brendan Gallagher.
9:56 of 2nd period - Shot Misses the Net.
10:14 of 2nd period - Shot by Brendan Gallagher.
10:14 of 2nd period - Shot Blocked by Erik Cernak.
10:37 of 2nd period - Shot by Mika Zibanejad.
10:37 of 2nd period - Shot Blocked by Erik Cernak.
10:39 of 2nd period - Shot by Ryan Graves.
10:39 of 2nd period - Shot Misses the Net.
10:41 of 2nd period - Shot by Mika Zibanejad.
10:41 of 2nd period - Shot Misses the Net.
10:47 of 2nd period - Shot by William Nylander.
10:47 of 2nd period - Stopped by Andrei Vasilevskiy without a rebound.
10:48 of 2nd period - Connor McDavid wins face-off versus Jamie Benn in Rangers zone.
11:00 of 2nd period - Off-side.
11:01 of 2nd period - Brandon Pirri wins face-off versus Johan Larsson in neutral zone.
11:08 of 2nd period - Icing by Johan Larsson.
11:09 of 2nd period - Connor McDavid wins face-off versus Johan Larsson in Flyers zone.
11:17 of 2nd period - Alexander Radulov is hit by Rasmus Andersson and loses puck.
11:46 of 2nd period - Zach Hyman is hit by Noah Hanifin.
12:09 of 2nd period - Minor Penalty to Noel Acciari for Hooking.
12:10 of 2nd period - Nick Bonino wins face-off versus Paul Stastny in Rangers zone.
12:35 of 2nd period - Shot by Victor Hedman.
12:35 of 2nd period - Stopped by Andrei Vasilevskiy without a rebound.
12:36 of 2nd period - Nick Bonino wins face-off versus Mika Zibanejad in Rangers zone.
12:36 of 2nd period - Nick Bonino is hit by Brendan Gallagher.
12:50 of 2nd period - Shot by Brendan Gallagher.
12:50 of 2nd period - Stopped by Andrei Vasilevskiy with a rebound.
12:52 of 2nd period - Shot by Jakub Voracek.
12:52 of 2nd period - Shot Misses the Net.
13:06 of 2nd period - Shot by Rasmus Andersson.
13:06 of 2nd period - Shot Misses the Net.
13:31 of 2nd period - Shot by Victor Hedman.
13:31 of 2nd period - Shot Misses the Net.
13:41 of 2nd period - Shot by Victor Hedman.
13:41 of 2nd period - Shot Misses the Net.
13:49 of 2nd period - Shot by Vince Dunn.
13:49 of 2nd period - Stopped by Andrei Vasilevskiy without a rebound.
13:50 of 2nd period - Mika Zibanejad wins face-off versus Vincent Trocheck in Rangers zone.
13:53 of 2nd period - Shot by Brendan Gallagher.
13:53 of 2nd period - Stopped by Andrei Vasilevskiy without a rebound.
13:54 of 2nd period - Vincent Trocheck wins face-off versus Brendan Gallagher in Rangers zone.
14:32 of 2nd period - Shot by Devin Shore.
14:32 of 2nd period - Stopped by Pavel Francouz without a rebound.
14:33 of 2nd period - Vincent Trocheck wins face-off versus Mika Zibanejad in Flyers zone.
15:04 of 2nd period - Shot by Mika Zibanejad.
15:04 of 2nd period - Shot Misses the Net.
15:06 of 2nd period - Shot by Tomas Tatar.
15:06 of 2nd period - Shot Misses the Net.
15:10 of 2nd period - Shot by William Nylander.
15:10 of 2nd period - Shot Misses the Net.
15:25 of 2nd period - Icing by Vincent Trocheck.
15:26 of 2nd period - Paul Stastny wins face-off versus Vincent Trocheck in Rangers zone.
15:46 of 2nd period - Shot by Paul Stastny.
15:46 of 2nd period - Shot Misses the Net.
16:24 of 2nd period - Ryan McDonagh is hit by Jamie Benn and loses puck.
16:31 of 2nd period - Shot by Jamie Benn.
16:31 of 2nd period - Stopped by Andrei Vasilevskiy without a rebound.
16:32 of 2nd period - Nick Bonino wins face-off versus Mika Zibanejad in Rangers zone.
16:54 of 2nd period - Icing by Noah Hanifin.
16:55 of 2nd period - Mika Zibanejad wins face-off versus Brandon Pirri in Flyers zone.
17:18 of 2nd period - Shot by Tomas Tatar.
17:18 of 2nd period - Deflect By Mika Zibanejad.
17:18 of 2nd period - Goal by Mika Zibanejad - Flyers : 3 - Rangers : 3.
17:19 of 2nd period - Vincent Trocheck wins face-off versus Paul Stastny in neutral zone.
17:32 of 2nd period - Shot by Cam Atkinson.
17:32 of 2nd period - Stopped by Pavel Francouz without a rebound.
17:33 of 2nd period - Jamie Benn wins face-off versus Connor McDavid in Flyers zone.
17:46 of 2nd period - Shot by Jamie Benn.
17:46 of 2nd period - Stopped by Andrei Vasilevskiy without a rebound.
17:47 of 2nd period - Paul Stastny wins face-off versus Vincent Trocheck in Rangers zone.
17:55 of 2nd period - Icing by Cam Atkinson.
17:56 of 2nd period - Noel Acciari wins face-off versus Mika Zibanejad in Rangers zone.
17:56 of 2nd period - Ryan McDonagh is hit by William Nylander and loses puck.
18:57 of 2nd period - Shot by Connor McDavid.
18:57 of 2nd period - Shot Misses the Net.
19:03 of 2nd period - Shot by Connor McDavid.
19:03 of 2nd period - Shot Misses the Net.
19:05 of 2nd period - Shot by Matt Niskanen.
19:05 of 2nd period - Shot Blocked by Vince Dunn.
19:15 of 2nd period - Shot by Connor McDavid.
19:15 of 2nd period - Shot Blocked by Victor Hedman.
19:17 of 2nd period - Shot by Connor McDavid.
19:17 of 2nd period - Goal by Connor McDavid - Flyers : 3 - Rangers : 4.
19:18 of 2nd period - Nick Bonino wins face-off versus Paul Stastny in neutral zone.
19:21 of 2nd period - Shot by Nick Bonino.
19:21 of 2nd period - Deflect By Cal Clutterbuck.
19:21 of 2nd period - Stopped by Pavel Francouz without a rebound.
19:22 of 2nd period - Nick Bonino wins face-off versus Paul Stastny in Flyers zone.
19:35 of 2nd period - Shot by Andrew Ladd.
19:35 of 2nd period - Stopped by Pavel Francouz without a rebound.
19:36 of 2nd period - Jamie Benn wins face-off versus Vincent Trocheck in Flyers zone.
19:43 of 2nd period - Shot by Jamie Benn.
19:43 of 2nd period - Stopped by Andrei Vasilevskiy without a rebound.
19:44 of 2nd period - Connor McDavid wins face-off versus Paul Stastny in Rangers zone.
19:51 of 2nd period - Shot by Connor McDavid.
19:51 of 2nd period - Deflect By Alexander Radulov.
19:51 of 2nd period - Stopped by Pavel Francouz without a rebound.
19:52 of 2nd period - Paul Stastny wins face-off versus Connor McDavid in Flyers zone.
Goals for this period are 2 for Flyers vs 1 for Rangers.
Shots for this period are 13 for Flyers vs 12 for Rangers.

3rd period


0:01 of 3rd period - Paul Stastny wins face-off versus Connor McDavid in neutral zone.
0:08 of 3rd period - Shot by Connor McDavid.
0:08 of 3rd period - Stopped by Pavel Francouz without a rebound.
0:09 of 3rd period - Connor McDavid wins face-off versus Mika Zibanejad in Flyers zone.
0:18 of 3rd period - Shot by Connor McDavid.
0:18 of 3rd period - Shot Misses the Net.
0:34 of 3rd period - Shot by Connor McDavid.
0:34 of 3rd period - The goal is going for a video replay.
0:34 of 3rd period - The goal is refused.
0:35 of 3rd period - Vincent Trocheck wins face-off versus Paul Stastny in Flyers zone.
0:40 of 3rd period - Shot by Cam Atkinson.
0:40 of 3rd period - Shot Misses the Net.
0:50 of 3rd period - Shot by Jakub Voracek.
0:50 of 3rd period - Stopped by Andrei Vasilevskiy without a rebound.
0:51 of 3rd period - Jamie Benn wins face-off versus Nick Bonino in Rangers zone.
0:52 of 3rd period - Shot by Jake Debrusk.
0:52 of 3rd period - Stopped by Andrei Vasilevskiy without a rebound.
0:53 of 3rd period - Paul Stastny wins face-off versus Connor McDavid in Rangers zone.
1:00 of 3rd period - Icing by Matt Niskanen.
1:01 of 3rd period - Paul Stastny wins face-off versus Connor McDavid in Rangers zone.
1:10 of 3rd period - Shot by Jakub Voracek.
1:10 of 3rd period - Shot Misses the Net.
1:16 of 3rd period - Shot by Brendan Gallagher.
1:16 of 3rd period - Shot Misses the Net.
1:32 of 3rd period - Nick Leddy is hit by Paul Stastny and loses puck.
2:00 of 3rd period - Cam Atkinson is hit by Vince Dunn.
2:07 of 3rd period - Minor Penalty to Victor Hedman for Boarding.
2:08 of 3rd period - Robert Thomas wins face-off versus Vincent Trocheck in Flyers zone.
2:30 of 3rd period - Shot by Andrew Ladd.
2:30 of 3rd period - Stopped by Pavel Francouz without a rebound.
2:31 of 3rd period - Connor McDavid wins face-off versus Robert Thomas in Flyers zone.
2:31 of 3rd period - Cam Atkinson is hit by Ryan Graves and loses puck.
4:44 of 3rd period - Shot by Brendan Gallagher.
4:44 of 3rd period - Stopped by Andrei Vasilevskiy without a rebound.
4:45 of 3rd period - Mika Zibanejad wins face-off versus Nick Bonino in Rangers zone.
5:43 of 3rd period - Shot by Jamie Benn.
5:43 of 3rd period - Stopped by Andrei Vasilevskiy without a rebound.
5:44 of 3rd period - Paul Stastny wins face-off versus Connor McDavid in Rangers zone.
5:49 of 3rd period - Shot by Jakub Voracek.
5:49 of 3rd period - Deflect By Paul Stastny.
5:49 of 3rd period - Shot Misses the Net.
6:00 of 3rd period - Icing by Victor Hedman.
6:01 of 3rd period - Vincent Trocheck wins face-off versus Paul Stastny in Flyers zone.
6:20 of 3rd period - Shot by Cam Atkinson.
6:20 of 3rd period - Stopped by Pavel Francouz without a rebound.
6:21 of 3rd period - Jamie Benn wins face-off versus Connor McDavid in Flyers zone.
6:32 of 3rd period - Shot by Connor McDavid.
6:32 of 3rd period - Shot Blocked by Noah Hanifin.
7:12 of 3rd period - Noah Hanifin is hit by Matt Niskanen and loses puck.
7:18 of 3rd period - Minor Penalty to Tomas Tatar for Tripping.
7:19 of 3rd period - Johan Larsson wins face-off versus Vincent Trocheck in Flyers zone.
7:46 of 3rd period - Zach Hyman is hit by Nino Niederreiter.
8:18 of 3rd period - Shot by Cam Atkinson.
8:18 of 3rd period - Shot Misses the Net.
9:21 of 3rd period - Off-side.
9:22 of 3rd period - Nick Bonino wins face-off versus Mika Zibanejad in neutral zone.
9:31 of 3rd period - Shot by Nick Bonino.
9:31 of 3rd period - Shot Misses the Net.
9:53 of 3rd period - Shot by Mika Zibanejad.
9:53 of 3rd period - Shot Blocked by Erik Cernak.
9:55 of 3rd period - Shot by Victor Hedman.
9:55 of 3rd period - Stopped by Andrei Vasilevskiy with a rebound.
9:57 of 3rd period - Shot by Tomas Tatar.
9:57 of 3rd period - Stopped by Andrei Vasilevskiy without a rebound.
9:58 of 3rd period - Paul Stastny wins face-off versus Brandon Pirri in Rangers zone.
10:12 of 3rd period - Milan Lucic is hit by Brendan Gallagher and loses puck.
12:12 of 3rd period - Shot by William Nylander.
12:12 of 3rd period - Stopped by Andrei Vasilevskiy without a rebound.
12:13 of 3rd period - Paul Stastny wins face-off versus Nick Bonino in Rangers zone.
12:14 of 3rd period - Shot by Jakub Voracek.
12:14 of 3rd period - Stopped by Andrei Vasilevskiy without a rebound.
12:15 of 3rd period - Nick Bonino wins face-off versus Paul Stastny in Rangers zone.
12:23 of 3rd period - Off-side.
12:24 of 3rd period - Vincent Trocheck wins face-off versus Paul Stastny in neutral zone.
12:39 of 3rd period - Shot by Cam Atkinson.
12:39 of 3rd period - Shot Blocked by Noah Hanifin.
13:31 of 3rd period - Shot by William Nylander.
13:31 of 3rd period - Stopped by Andrei Vasilevskiy with a rebound.
13:33 of 3rd period - Shot by Tomas Tatar.
13:33 of 3rd period - Stopped by Andrei Vasilevskiy with a rebound.
13:35 of 3rd period - Shot by Vince Dunn.
13:35 of 3rd period - Stopped by Andrei Vasilevskiy without a rebound.
13:36 of 3rd period - Connor McDavid wins face-off versus Jamie Benn in Rangers zone.
13:36 of 3rd period - Connor McDavid is hit by Jamie Benn.
13:51 of 3rd period - Nick Leddy is hit by Ryan Graves and loses puck.
13:52 of 3rd period - Nick Leddy from Rangers is injured at 13:52 of 3rd period (Groin).
13:53 of 3rd period - Johan Larsson wins face-off versus Nick Bonino in Flyers zone.
14:12 of 3rd period - Shot by Joel Farabee.
14:12 of 3rd period - Shot Misses the Net.
14:30 of 3rd period - Shot by Nino Niederreiter.
14:30 of 3rd period - Shot Misses the Net.
14:37 of 3rd period - Icing by Dmitry Kulikov.
14:38 of 3rd period - Nick Bonino wins face-off versus Mika Zibanejad in Rangers zone.
15:00 of 3rd period - Minor Penalty to Dmitry Kulikov for Holding Stick.
15:01 of 3rd period - Mika Zibanejad wins face-off versus Zach Hyman in Rangers zone.
15:02 of 3rd period - Shot by Jakub Voracek.
15:02 of 3rd period - Shot Misses the Net.
15:04 of 3rd period - Shot by Noah Hanifin.
15:04 of 3rd period - Shot Blocked by David Savard.
15:06 of 3rd period - Shot by Brendan Gallagher.
15:06 of 3rd period - Shot Misses the Net.
15:08 of 3rd period - Shot by Mika Zibanejad.
15:08 of 3rd period - Stopped by Andrei Vasilevskiy without a rebound.
15:09 of 3rd period - Paul Stastny wins face-off versus Nick Bonino in Rangers zone.
15:12 of 3rd period - Shot by William Nylander.
15:12 of 3rd period - Stopped by Andrei Vasilevskiy without a rebound.
15:13 of 3rd period - Paul Stastny wins face-off versus Nick Bonino in Rangers zone.
15:43 of 3rd period - Shot by Rasmus Andersson.
15:43 of 3rd period - Shot Hit the Post.
17:37 of 3rd period - Icing by Ryan Graves.
17:38 of 3rd period - Connor McDavid wins face-off versus Johan Larsson in Flyers zone.
17:39 of 3rd period - Shot by Zach Hyman.
17:39 of 3rd period - Shot Misses the Net.
17:51 of 3rd period - Shot by Zach Hyman.
17:51 of 3rd period - Shot Misses the Net.
17:57 of 3rd period - Shot by Zach Hyman.
17:57 of 3rd period - Shot Misses the Net.
17:59 of 3rd period - Shot by Zach Hyman.
17:59 of 3rd period - Shot Blocked by Ryan Graves.
18:28 of 3rd period - Off-side.
18:29 of 3rd period - Paul Stastny wins face-off versus Vincent Trocheck in neutral zone.
18:32 of 3rd period - Flyers, Pavel Francouz is pulled from the net.
19:43 of 3rd period - Ryan McDonagh is hit by Ryan Graves and loses puck.
19:54 of 3rd period - Ryan McDonagh is hit by Mika Zibanejad and loses puck.
Goals for this period are 0 for Flyers vs 0 for Rangers.
Shots for this period are 13 for Flyers vs 4 for Rangers.